| TOP OF THE 1ST |
|
Harrisburg Senators batting - Pitching for Columbia Fireflies : RHP Jose Esquibel
|
|
Pitching: RHP Jose Esquibel
|
|
|
Batting: RHB Ryan Hiemer
|
0-0: Ground out U3 (Groundball, 3, EV 93.1 MPH)
|
|
Batting: RHB Er Le
|
0-0: Foul Ball, location: 2F 0-1: Foul Ball, location: 2F 0-2: Ball 1-2: Foul Ball, location: 2F 1-2: Foul Ball, location: 2F 1-2: SINGLE (Line Drive, 7LM, EV 89.4 MPH)
|
|
Batting: LHB Kevin Kantor
|
0-0: Fielders Choice at 2nd, 5-4 (Groundball, 56, EV 85.0 MPH)
|
|
Batting: LHB Chris Williams
|
0-0: Called Strike 0-1: Ball Kevin Kantor steals 2nd base 1-1: Ball 2-1: SINGLE (Groundball, 4MS, EV 67.5 MPH) (infield hit) Kevin Kantor to third
|
|
Batting: RHB Pat Barton
|
0-0: Ball 1-0: Ball 2-0: Ball 3-0: Called Strike 3-1: Called Strike 3-2: Foul Ball, location: 2F 3-2: Ground out U3 (Groundball, 3S, EV 66.9 MPH)
|
| Top of the 1st over - 0 runs, 2 hits, 0 errors, 2 left on base; Harrisburg 0 - Columbia 0 |
| BOTTOM OF THE 1ST |
|
Columbia Fireflies batting - Pitching for Harrisburg Senators : LHP Manny Ruiz
|
|
Pitching: LHP Manny Ruiz
|
|
|
Batting: SHB Detlef Oursler
|
0-0: Ball 1-0: Foul Ball, location: 2F 1-1: Foul Ball, location: 2F 1-2: Foul Ball, location: 2F 1-2: Foul Ball, location: 2F 1-2: Ground out 6-3 (Groundball, 4M, EV 88.8 MPH)
|
|
Batting: RHB Larry Shoop
|
0-0: Called Strike 0-1: SOLO HOME RUN (Flyball, 7LD, EV 96.2 MPH), Distance : 350 ft
|
|
Batting: RHB Masaya Nakamura
|
0-0: Ground out 4-3 (Groundball, 34, EV 85.6 MPH)
|
|
Batting: LHB Bayesa Mundhir
|
0-0: DOUBLE (Line Drive, 3D, EV 96.9 MPH)
|
|
Batting: SHB Jerry Burrows
|
0-0: Called Strike 0-1: Ball 1-1: DOUBLE (Line Drive, 7LM, EV 106.9 MPH) Bayesa Mundhir scores
|
|
Batting: LHB Miguel Ramos
|
0-0: Ball 1-0: Ball 2-0: Called Strike 2-1: Swinging Strike 2-2: Strikes out looking
|
| Bottom of the 1st over - 2 runs, 3 hits, 0 errors, 1 left on base; Harrisburg 0 - Columbia 2 |
| TOP OF THE 2ND |
|
Harrisburg Senators batting - Pitching for Columbia Fireflies : RHP Jose Esquibel
|
|
Batting: LHB Chance McWilliams
|
0-0: Foul Ball, location: 2F 0-1: SINGLE (Line Drive, 9S, EV 107.5 MPH)
|
|
Batting: RHB Bobby Bricker
|
0-0: Ball 1-0: Foul Ball, location: 2F 1-1: Ball 2-1: Grounds into double play, 6-4-3 (Groundball, 6, EV 81.2 MPH)
|
|
Batting: RHB Pat Scaturro
|
0-0: SINGLE (Groundball, 56D, EV 100.6 MPH)
|
|
Batting: RHB Antonio Vallez
|
0-0: Swinging Strike 0-1: Ball Wild Pitch! Pat Scaturro to second 1-1: Ball 2-1: Ball 3-1: Foul Ball, location: 2F 3-2: Ground out U3 (Groundball, 3S, EV 83.1 MPH)
|
| Top of the 2nd over - 0 runs, 2 hits, 0 errors, 1 left on base; Harrisburg 0 - Columbia 2 |
| BOTTOM OF THE 2ND |
|
Columbia Fireflies batting - Pitching for Harrisburg Senators : LHP Manny Ruiz
|
|
Batting: RHB Gary Hills
|
0-0: Called Strike 0-1: Ball 1-1: Ground out 4-3 (Groundball, 4, EV 91.9 MPH)
|
|
Batting: RHB David Reyna
|
0-0: Foul Ball, location: 2F 0-1: Reached on error, E6 (Groundball, 6, EV 83.8 MPH)
|
|
Batting: LHB Jamel Alexander
|
0-0: Called Strike 0-1: Foul Ball, location: 2F 0-2: Fly out, F9 (Flyball, 89M, EV 95.6 MPH)
|
|
Batting: SHB Detlef Oursler
|
0-0: Called Strike 0-1: Called Strike 0-2: Strikes out swinging
|
| Bottom of the 2nd over - 0 runs, 0 hits, 1 error, 1 left on base; Harrisburg 0 - Columbia 2 |
| TOP OF THE 3RD |
|
Harrisburg Senators batting - Pitching for Columbia Fireflies : RHP Jose Esquibel
|
|
Batting: RHB Ryan Hiemer
|
0-0: Called Strike 0-1: Ball 1-1: Foul Ball, location: 2F 1-2: Strikes out swinging
|
|
Batting: RHB Er Le
|
0-0: Called Strike 0-1: Called Strike 0-2: Strikes out looking
|
|
Batting: LHB Kevin Kantor
|
0-0: Foul Ball, location: 2F 0-1: Ball 1-1: Ball 2-1: Ball 3-1: Foul Ball, location: 2F 3-2: Foul Ball, location: 2F 3-2: Foul Ball, location: 2F 3-2: Ground out 4-3 (Groundball, 4, EV 87.5 MPH)
|
| Top of the 3rd over - 0 runs, 0 hits, 0 errors, 0 left on base; Harrisburg 0 - Columbia 2 |
| BOTTOM OF THE 3RD |
|
Columbia Fireflies batting - Pitching for Harrisburg Senators : LHP Manny Ruiz
|
|
Batting: RHB Larry Shoop
|
0-0: Ball 1-0: Called Strike 1-1: Swinging Strike 1-2: Fly out, F6 (Line Drive, 6, EV 74.4 MPH)
|
|
Batting: RHB Masaya Nakamura
|
0-0: Ball 1-0: Ground out 4-3 (Groundball, 4MS, EV 87.5 MPH)
|
|
Batting: LHB Bayesa Mundhir
|
0-0: Called Strike 0-1: Ball 1-1: SINGLE (Groundball, 4MD, EV 97.5 MPH)
|
|
Batting: SHB Jerry Burrows
|
0-0: DOUBLE (Line Drive, 9LS, EV 92.5 MPH) Bayesa Mundhir to third
|
|
Batting: LHB Miguel Ramos
|
0-0: Ball 1-0: Called Strike 1-1: Ball 2-1: Ball 3-1: Ground out 1-3 (Groundball, 13S, EV 68.8 MPH)
|
| Bottom of the 3rd over - 0 runs, 2 hits, 0 errors, 2 left on base; Harrisburg 0 - Columbia 2 |
| TOP OF THE 4TH |
|
Harrisburg Senators batting - Pitching for Columbia Fireflies : RHP Jose Esquibel
|
|
Batting: LHB Chris Williams
|
0-0: Called Strike 0-1: Ball 1-1: Ground out 6-3 (Groundball, 56D, EV 100.0 MPH)
|
|
Batting: RHB Pat Barton
|
0-0: Ball 1-0: Called Strike 1-1: Swinging Strike 1-2: Foul Ball, location: 2F 1-2: Ball 2-2: SINGLE (Flyball, 7LS, EV 91.9 MPH)
|
|
Batting: LHB Chance McWilliams
|
0-0: Ball 1-0: Fly out, F8 (Flyball, 8LD, EV 101.2 MPH)
|
|
Batting: RHB Bobby Bricker
|
0-0: Called Strike 0-1: Ball 1-1: Ball 2-1: Called Strike 2-2: Ground out 6-3 (Groundball, 6M, EV 80.0 MPH)
|
| Top of the 4th over - 0 runs, 1 hit, 0 errors, 1 left on base; Harrisburg 0 - Columbia 2 |
| BOTTOM OF THE 4TH |
|
Columbia Fireflies batting - Pitching for Harrisburg Senators : LHP Manny Ruiz
|
|
Batting: RHB Gary Hills
|
0-0: Swinging Strike 0-1: Foul Ball, location: 2F 0-2: Strikes out swinging
|
|
Batting: RHB David Reyna
|
0-0: Ground out 6-3 (Groundball, 6, EV 84.4 MPH)
|
|
Batting: LHB Jamel Alexander
|
0-0: Called Strike 0-1: Ball 1-1: SINGLE (Line Drive, 34D, EV 99.4 MPH)
|
|
Batting: SHB Detlef Oursler
|
0-0: Fly out, F9 (Line Drive, 9, EV 85.6 MPH)
|
| Bottom of the 4th over - 0 runs, 1 hit, 0 errors, 1 left on base; Harrisburg 0 - Columbia 2 |
| TOP OF THE 5TH |
|
Harrisburg Senators batting - Pitching for Columbia Fireflies : RHP Jose Esquibel
|
|
Batting: RHB Pat Scaturro
|
0-0: Foul Ball, location: 2F 0-1: Foul Ball, location: 2F 0-2: Ball 1-2: Ball 2-2: Ball 3-2: DOUBLE (Line Drive, 89M, EV 107.5 MPH)
|
|
Batting: RHB Antonio Vallez
|
0-0: Called Strike 0-1: Foul Ball, location: 2F 0-2: Ball 1-2: Ball 2-2: Ground out 6-3 (Groundball, 6, EV 94.4 MPH)
|
|
Batting: RHB Ryan Hiemer
|
0-0: Called Strike 0-1: Foul Ball, location: 2F 0-2: Ball 1-2: Fly out, F8 (Line Drive, 89M, EV 86.9 MPH)
|
|
Batting: RHB Er Le
|
0-0: Swinging Strike 0-1: Foul Ball, location: 2F 0-2: Foul Ball, location: 2F 0-2: Ball 1-2: Ball 2-2: Strikes out swinging
|
| Top of the 5th over - 0 runs, 1 hit, 0 errors, 1 left on base; Harrisburg 0 - Columbia 2 |
| BOTTOM OF THE 5TH |
|
Columbia Fireflies batting - Pitching for Harrisburg Senators : LHP Manny Ruiz
|
|
Batting: RHB Larry Shoop
|
0-0: Swinging Strike 0-1: Ball 1-1: Foul Ball, location: 2F 1-2: Ball 2-2: Ball 3-2: SINGLE (Line Drive, 7LS, EV 111.2 MPH)
|
|
Batting: RHB Masaya Nakamura
|
0-0: Called Strike 0-1: Ball 1-1: Foul Ball, location: 2F 1-2: Ball Larry Shoop is caught stealing 2nd base 2-4 2-2: Foul Ball, location: 2F 2-2: Ball 3-2: Foul Ball, location: 2F 3-2: Foul Ball, location: 2F 3-2: Base on Balls
|
|
Batting: LHB Bayesa Mundhir
|
0-0: Swinging Strike 0-1: Ball 1-1: Foul Ball, location: 2F 1-2: Fielders Choice at 2nd, 4-6 (Groundball, 4, EV 86.2 MPH)
|
|
Batting: SHB Jerry Burrows
|
0-0: Called Strike 0-1: Ball 1-1: Swinging Strike 1-2: Fly out, F9 (Line Drive, 9, EV 90.0 MPH)
|
| Bottom of the 5th over - 0 runs, 1 hit, 0 errors, 1 left on base; Harrisburg 0 - Columbia 2 |
| TOP OF THE 6TH |
|
Harrisburg Senators batting - Pitching for Columbia Fireflies : RHP Jose Esquibel
|
|
Batting: LHB Kevin Kantor
|
0-0: Called Strike 0-1: Hit by Pitch
|
|
Batting: LHB Chris Williams
|
0-0: Called Strike 0-1: Ball 1-1: Foul Ball, location: 2F 1-2: Ball 2-2: Foul Ball, location: 2F 2-2: Ball 3-2: Foul Ball, location: 2F 3-2: SINGLE (Groundball, 56D, EV 105.0 MPH) Kevin Kantor to second Kevin Kantor to third
|
|
Batting: RHB Pat Barton
|
0-0: Called Strike 0-1: Foul Ball, location: 2F Balk! Kevin Kantor scores Chris Williams to second 0-2: Ball 1-2: Fly out, F5 (Popup, 56S, EV 81.9 MPH)
|
|
Batting: LHB Chance McWilliams
|
0-0: Ball 1-0: Ball 2-0: Called Strike 2-1: Ground out 4-3 (Groundball, 4, EV 101.2 MPH) Chris Williams to third
|
|
Pitching: RHP Justin Wilkins
|
|
|
Batting: RHB Bobby Bricker
|
0-0: Called Strike 0-1: Called Strike 0-2: Foul Ball, location: 2F 0-2: Strikes out looking
|
| Top of the 6th over - 1 run, 1 hit, 0 errors, 1 left on base; Harrisburg 1 - Columbia 2 |
| BOTTOM OF THE 6TH |
|
Columbia Fireflies batting - Pitching for Harrisburg Senators : LHP Manny Ruiz
|
|
Batting: LHB Miguel Ramos
|
0-0: Ball 1-0: Fly out, F9 (Flyball, 89M, EV 92.5 MPH)
|
|
Batting: RHB Gary Hills
|
0-0: Ball 1-0: Swinging Strike 1-1: Ball 2-1: Foul Ball, location: 2F 2-2: Ground out 5-3 (Groundball, 56, EV 93.1 MPH)
|
|
Batting: RHB David Reyna
|
0-0: Ball 1-0: Called Strike 1-1: Foul Ball, location: 2F 1-2: Ball 2-2: Strikes out swinging
|
| Bottom of the 6th over - 0 runs, 0 hits, 0 errors, 0 left on base; Harrisburg 1 - Columbia 2 |
| TOP OF THE 7TH |
|
Harrisburg Senators batting - Pitching for Columbia Fireflies : RHP Justin Wilkins
|
|
Batting: RHB Pat Scaturro
|
0-0: Ground out 5-3 (Groundball, 5, EV 83.1 MPH)
|
|
Batting: RHB Antonio Vallez
|
0-0: Ball 1-0: Called Strike 1-1: Ground out 4-3 (Groundball, 4, EV 104.4 MPH)
|
|
Pitching: LHP Dan Bremseth
|
|
|
Batting: RHB Ryan Hiemer
|
0-0: Called Strike 0-1: Ball 1-1: Ball 2-1: Ball 3-1: Base on Balls
|
|
Batting: RHB Er Le
|
0-0: SINGLE (Groundball, 6MD, EV 110.6 MPH) Ryan Hiemer to second
|
|
Batting: LHB Kevin Kantor
|
0-0: Ball 1-0: Swinging Strike 1-1: Foul Ball, location: 2F 1-2: Strikes out looking
|
| Top of the 7th over - 0 runs, 1 hit, 0 errors, 2 left on base; Harrisburg 1 - Columbia 2 |
| BOTTOM OF THE 7TH |
|
Columbia Fireflies batting - Pitching for Harrisburg Senators : LHP Manny Ruiz
|
|
Batting: LHB Jamel Alexander
|
0-0: Called Strike 0-1: Foul Ball, location: 2F 0-2: Ground out 6-3 (Groundball, 6, EV 90.0 MPH)
|
|
Batting: SHB Detlef Oursler
|
0-0: Ball 1-0: Called Strike 1-1: Ball 2-1: Ball 3-1: Called Strike 3-2: Foul Ball, location: 2F 3-2: Strikes out looking
|
|
Batting: RHB Larry Shoop
|
0-0: Called Strike 0-1: Ball 1-1: Ball 2-1: TRIPLE (Line Drive, 89XD, EV 108.8 MPH)
|
|
Pitching: RHP Bill Stump
|
|
|
Batting: RHB Masaya Nakamura
|
0-0: Fly out, F7 (Flyball, 78M, EV 98.8 MPH)
|
| Bottom of the 7th over - 0 runs, 1 hit, 0 errors, 1 left on base; Harrisburg 1 - Columbia 2 |
| TOP OF THE 8TH |
|
Harrisburg Senators batting - Pitching for Columbia Fireflies : LHP Dan Bremseth
|
|
Batting: LHB Chris Williams
|
0-0: Ground out U3 (Groundball, 3L, EV 105.0 MPH)
|
|
Batting: RHB Pat Barton
|
0-0: Ball 1-0: DOUBLE (Flyball, 9LD, EV 91.9 MPH)
|
|
Batting: LHB Chance McWilliams
|
0-0: 2-RUN HOME RUN (Flyball, 9D, EV 98.8 MPH), Distance : 368 ft
|
|
Batting: RHB Bobby Bricker
|
0-0: Ball 1-0: Foul Ball, location: 2F 1-1: Ball 2-1: Ball 3-1: Called Strike 3-2: Strikes out swinging
|
|
Batting: RHB Pat Scaturro
|
0-0: Called Strike 0-1: Ball 1-1: Foul Ball, location: 2F 1-2: Foul Ball, location: 2F 1-2: Foul Ball, location: 2F 1-2: SINGLE (Flyball, 4D, EV 88.1 MPH)
|
|
Batting: RHB Antonio Vallez
|
0-0: Ball 1-0: Fielders Choice at 2nd, 6-4 (Groundball, 6, EV 85.0 MPH)
|
| Top of the 8th over - 2 runs, 3 hits, 0 errors, 1 left on base; Harrisburg 3 - Columbia 2 |
| BOTTOM OF THE 8TH |
|
Columbia Fireflies batting - Pitching for Harrisburg Senators : RHP Bill Stump
|
|
Batting: LHB Bayesa Mundhir
|
0-0: Ball 1-0: Called Strike 1-1: Swinging Strike 1-2: Hit by Pitch
|
|
Batting: SHB Jerry Burrows
|
0-0: Ball 1-0: Called Strike 1-1: Called Strike 1-2: Ball 2-2: Ball 3-2: Foul Ball, location: 2F 3-2: Strikes out swinging
|
|
Batting: LHB Miguel Ramos
|
0-0: Foul Ball, location: 2F 0-1: Called Strike 0-2: Ball 1-2: Ball 2-2: Strikes out swinging
|
|
Batting: RHB Gary Hills
|
0-0: Swinging Strike 0-1: Foul Ball, location: 2F 0-2: Strikes out swinging
|
| Bottom of the 8th over - 0 runs, 0 hits, 0 errors, 1 left on base; Harrisburg 3 - Columbia 2 |
| TOP OF THE 9TH |
|
Harrisburg Senators batting - Pitching for Columbia Fireflies : LHP Dan Bremseth
|
|
Pitching: RHP Tyler Lybrand
|
|
|
Batting: RHB Ryan Hiemer
|
0-0: Ball 1-0: Ball 2-0: Foul Ball, location: 2F 2-1: Ground out 5-3 (Groundball, 5, EV 99.4 MPH)
|
|
Batting: RHB Er Le
|
0-0: Foul Ball, location: 2F 0-1: Fly out, F8 (Flyball, 8LD, EV 100.6 MPH)
|
|
Batting: LHB Kevin Kantor
|
0-0: Ball 1-0: Ball 2-0: Foul Ball, location: 2F 2-1: Ball 3-1: Foul Ball, location: 2F 3-2: Base on Balls
|
|
Batting: LHB Chris Williams
|
0-0: Ball Kevin Kantor is caught stealing 2nd base 2-6
|
| Top of the 9th over - 0 runs, 0 hits, 0 errors, 0 left on base; Harrisburg 3 - Columbia 2 |
| BOTTOM OF THE 9TH |
|
Columbia Fireflies batting - Pitching for Harrisburg Senators : RHP Bill Stump
|
|
Pitching: RHP Stacey Kerssies
|
|
|
Pinch Hitting: LHB Tony Leyba
|
0-0: Called Strike 0-1: Called Strike 0-2: Foul Ball, location: 2F 0-2: Strikes out swinging
|
|
Batting: LHB Jamel Alexander
|
0-0: Ball 1-0: Called Strike 1-1: Swinging Strike 1-2: Ball 2-2: Ball 3-2: Base on Balls
|
|
Batting: SHB Detlef Oursler
|
0-0: Foul Ball, location: 2F 0-1: Ball 1-1: Fly out, F7 (Line Drive, 7, EV 90.0 MPH)
|
|
Batting: RHB Larry Shoop
|
0-0: SINGLE (Line Drive, 56D, EV 95.6 MPH) Jamel Alexander to second
|
|
Batting: RHB Masaya Nakamura
|
0-0: Ball 1-0: Ball 2-0: Ball 3-0: Called Strike 3-1: Called Strike 3-2: Foul Ball, location: 2F 3-2: Strikes out swinging
|
| Bottom of the 9th over - 0 runs, 1 hit, 0 errors, 2 left on base; Harrisburg 3 - Columbia 2 |
|